TOP OF THE 1ST |
Oakland Athletics batting - Pitching for Toronto Blue Jays : LHP Thomas Boyd
|
Pitching: LHP Thomas Boyd
|
|
Batting: RHB Willie Randolph
|
0-0: Foul Ball, location: 2F 0-1: Ball 1-1: Swinging Strike 1-2: Ball 2-2: Foul Ball, location: 2F 2-2: Ball 3-2: Foul Ball, location: 2F 3-2: Foul Ball, location: 2F 3-2: Ground out 6-3 (Groundball, 56, EV 107.5 MPH)
|
Batting: RHB Toby Harrah
|
0-0: Called Strike 0-1: Ball 1-1: Called Strike 1-2: Foul Ball, location: 2F 1-2: Fly out, F9 (Flyball, 9S, EV 86.3 MPH)
|
Batting: LHB Ruppert Jones
|
0-0: Ball 1-0: Foul Ball, location: 2F 1-1: Foul Ball, location: 2F 1-2: Ball 2-2: Strikes out swinging
|
Top of the 1st over - 0 runs, 0 hits, 0 errors, 0 left on base; Oakland 0 - Toronto 0 |
BOTTOM OF THE 1ST |
Toronto Blue Jays batting - Pitching for Oakland Athletics : RHP Doug Bird
|
Pitching: RHP Doug Bird
|
|
Batting: SHB Harold Reynolds
|
0-0: Bunted foul 0-1: Ball 1-1: SOLO HOME RUN (Line Drive, 89XD, EV 103.8 MPH), Distance : 405 ft
|
Batting: RHB Jose Gonzalez
|
0-0: Called Strike 0-1: Ball 1-1: Foul Ball, location: 2F 1-2: Strikes out looking
|
Batting: LHB Chad Daley
|
0-0: Ball 1-0: Foul Ball, location: 2F 1-1: Fly out, F4 (Popup, 34, EV 68.8 MPH)
|
Batting: RHB Andres Galarraga
|
0-0: Ground out 3-1 (Groundball, 34D, EV 78.8 MPH)
|
Bottom of the 1st over - 1 run, 1 hit, 0 errors, 0 left on base; Oakland 0 - Toronto 1 |
TOP OF THE 2ND |
Oakland Athletics batting - Pitching for Toronto Blue Jays : LHP Thomas Boyd
|
Batting: RHB George Hendrick
|
0-0: Fly out, F8 (Flyball, 89S, EV 93.8 MPH)
|
Batting: LHB Ben Oglivie
|
0-0: Ball 1-0: Called Strike 1-1: Foul Ball, location: 2F 1-2: Ball 2-2: Ball 3-2: Base on Balls
|
Batting: LHB Reggie Jackson
|
0-0: Ball 1-0: Ball 2-0: Swinging Strike 2-1: Foul Ball, location: 2F 2-2: Ball 3-2: Foul Ball, location: 2F 3-2: Foul Ball, location: 2F 3-2: Strikes out swinging
|
Batting: RHB Dave Henderson
|
0-0: Ball 1-0: Foul Ball, location: 2F 1-1: Ball 2-1: Called Strike 2-2: Fly out, F6 (Popup, 4MD, EV 41.9 MPH)
|
Top of the 2nd over - 0 runs, 0 hits, 0 errors, 1 left on base; Oakland 0 - Toronto 1 |
BOTTOM OF THE 2ND |
Toronto Blue Jays batting - Pitching for Oakland Athletics : RHP Doug Bird
|
Batting: RHB Juan Monasterio
|
0-0: SOLO HOME RUN (Flyball, 9D, EV 103.8 MPH), Distance : 396 ft
|
Batting: LHB Steve Stroughter
|
0-0: Ball 1-0: Called Strike 1-1: Ball 2-1: Ball 3-1: Base on Balls
|
Batting: RHB Cal Ripken
|
0-0: Grounds into double play, 4-6-3 (Groundball, 34, EV 90.6 MPH)
|
Batting: LHB Carlos May
|
0-0: Swinging Strike 0-1: Ball 1-1: Swinging Strike 1-2: Strikes out swinging
|
Bottom of the 2nd over - 1 run, 1 hit, 0 errors, 0 left on base; Oakland 0 - Toronto 2 |
TOP OF THE 3RD |
Oakland Athletics batting - Pitching for Toronto Blue Jays : LHP Thomas Boyd
|
Batting: RHB Barry Foote
|
0-0: Ground out 5-3 (Groundball, 56S, EV 86.9 MPH)
|
Batting: RHB Scott Fletcher
|
0-0: Ball 1-0: SINGLE (Line Drive, 3D, EV 105.6 MPH)
|
Batting: RHB Willie Randolph
|
0-0: Called Strike 0-1: Ball 1-1: Called Strike 1-2: Foul Ball, location: 2F 1-2: Foul Ball, location: 2F 1-2: Fly out, F9 (Flyball, 9, EV 91.3 MPH)
|
Batting: RHB Toby Harrah
|
0-0: Ball Scott Fletcher steals 2nd base 1-0: Fly out, F8 (Line Drive, 8RM, EV 88.1 MPH)
|
Top of the 3rd over - 0 runs, 1 hit, 0 errors, 1 left on base; Oakland 0 - Toronto 2 |
BOTTOM OF THE 3RD |
Toronto Blue Jays batting - Pitching for Oakland Athletics : RHP Doug Bird
|
Batting: RHB Jim G Wilson
|
0-0: Foul Ball, location: 2F 0-1: Ball 1-1: Ball 2-1: Ground out 6-3 (Groundball, 6, EV 83.1 MPH)
|
Batting: SHB Harold Reynolds
|
0-0: Ball 1-0: Foul Ball, location: 2F 1-1: Ball 2-1: Ball 3-1: Fly out, F8 (Flyball, 8LM, EV 95.0 MPH)
|
Batting: RHB Jose Gonzalez
|
0-0: SINGLE (Line Drive, 8RS, EV 107.5 MPH)
|
Batting: LHB Chad Daley
|
0-0: Ball 1-0: Called Strike 1-1: Called Strike 1-2: Foul Ball, location: 2F 1-2: Ball 2-2: Ball 3-2: Fly out, F9 (Flyball, 89M, EV 81.9 MPH)
|
Bottom of the 3rd over - 0 runs, 1 hit, 0 errors, 1 left on base; Oakland 0 - Toronto 2 |
TOP OF THE 4TH |
Oakland Athletics batting - Pitching for Toronto Blue Jays : LHP Thomas Boyd
|
Batting: LHB Ruppert Jones
|
0-0: Ball 1-0: Called Strike 1-1: Ball 2-1: Fly out, F7 (Flyball, 7S, EV 88.1 MPH)
|
Batting: RHB George Hendrick
|
0-0: Foul Ball, location: 2F 0-1: Swinging Strike 0-2: Strikes out swinging
|
Batting: LHB Ben Oglivie
|
0-0: Ball 1-0: Ball 2-0: Ground out 5-3 (Groundball, 56, EV 101.9 MPH)
|
Top of the 4th over - 0 runs, 0 hits, 0 errors, 0 left on base; Oakland 0 - Toronto 2 |
BOTTOM OF THE 4TH |
Toronto Blue Jays batting - Pitching for Oakland Athletics : RHP Doug Bird
|
Batting: RHB Andres Galarraga
|
0-0: Ball 1-0: Called Strike 1-1: Ball 2-1: Swinging Strike 2-2: Fly out, F8 (Flyball, 8LD, EV 75.0 MPH)
|
Batting: RHB Juan Monasterio
|
0-0: Ball 1-0: Swinging Strike 1-1: Swinging Strike 1-2: Strikes out swinging
|
Batting: LHB Steve Stroughter
|
0-0: Fly out, F8 (Flyball, 8LM, EV 80.6 MPH)
|
Bottom of the 4th over - 0 runs, 0 hits, 0 errors, 0 left on base; Oakland 0 - Toronto 2 |
TOP OF THE 5TH |
Oakland Athletics batting - Pitching for Toronto Blue Jays : LHP Thomas Boyd
|
Batting: LHB Reggie Jackson
|
0-0: Ball 1-0: Fly out, F9 (Line Drive, 9, EV 97.5 MPH)
|
Batting: RHB Dave Henderson
|
0-0: Ball 1-0: Foul Ball, location: 2F 1-1: Ball 2-1: Ball 3-1: Foul Ball, location: 2F 3-2: Strikes out swinging, 2-3 out at first.
|
Batting: RHB Barry Foote
|
0-0: Ball 1-0: Fly out, F9 (Flyball, 89XD, EV 102.5 MPH)
|
Top of the 5th over - 0 runs, 0 hits, 0 errors, 0 left on base; Oakland 0 - Toronto 2 |
BOTTOM OF THE 5TH |
Toronto Blue Jays batting - Pitching for Oakland Athletics : RHP Doug Bird
|
Batting: RHB Cal Ripken
|
0-0: Called Strike 0-1: Ground out 1-3 (Groundball, 25, EV 64.4 MPH)
|
Batting: LHB Carlos May
|
0-0: Called Strike 0-1: Swinging Strike 0-2: Strikes out swinging
|
Batting: RHB Jim G Wilson
|
0-0: Ball 1-0: Ball 2-0: Foul Ball, location: 2F 2-1: Fly out, F7 (Flyball, 7LM, EV 97.5 MPH)
|
Bottom of the 5th over - 0 runs, 0 hits, 0 errors, 0 left on base; Oakland 0 - Toronto 2 |
TOP OF THE 6TH |
Oakland Athletics batting - Pitching for Toronto Blue Jays : LHP Thomas Boyd
|
Batting: RHB Scott Fletcher
|
0-0: SINGLE (Line Drive, 34D, EV 103.8 MPH)
|
Batting: RHB Willie Randolph
|
0-0: Ball 1-0: Called Strike Scott Fletcher is caught stealing 2nd base 2-4 1-1: Ball 2-1: Fly out, F8 (Line Drive, 8RD, EV 84.4 MPH)
|
Batting: RHB Toby Harrah
|
0-0: Ball 1-0: Ball 2-0: Called Strike 2-1: Ball 3-1: Ground out 5-3 (Groundball, 5S, EV 87.5 MPH)
|
Top of the 6th over - 0 runs, 1 hit, 0 errors, 0 left on base; Oakland 0 - Toronto 2 |
BOTTOM OF THE 6TH |
Toronto Blue Jays batting - Pitching for Oakland Athletics : RHP Doug Bird
|
Batting: SHB Harold Reynolds
|
0-0: Reached on error, E4 (Groundball, 34D, EV 88.1 MPH)
|
Batting: RHB Jose Gonzalez
|
0-0: Bunted foul 0-1: Bunted foul 0-2: Ball 1-2: Grounds into double play, 4-6-3 (Groundball, 4, EV 93.8 MPH)
|
Batting: LHB Chad Daley
|
0-0: Ground out 4-3 (Groundball, 4, EV 78.1 MPH)
|
Bottom of the 6th over - 0 runs, 0 hits, 1 error, 0 left on base; Oakland 0 - Toronto 2 |
TOP OF THE 7TH |
Oakland Athletics batting - Pitching for Toronto Blue Jays : LHP Thomas Boyd
|
Batting: LHB Ruppert Jones
|
0-0: Ball 1-0: Foul Ball, location: 2F 1-1: Fly out, F6 (Flyball, 5D, EV 88.1 MPH)
|
Batting: RHB George Hendrick
|
0-0: Called Strike 0-1: Ball 1-1: Foul Ball, location: 2F 1-2: Foul Ball, location: 2F 1-2: Ball 2-2: Foul Ball, location: 2F 2-2: Fly out, F9 (Flyball, 9S, EV 79.4 MPH)
|
Batting: LHB Ben Oglivie
|
0-0: Ball 1-0: Ball 2-0: Called Strike 2-1: SINGLE (Flyball, 4MD, EV 87.5 MPH)
|
Batting: LHB Reggie Jackson
|
0-0: Ball 1-0: Foul Ball, location: 2F 1-1: Called Strike 1-2: Strikes out swinging
|
Top of the 7th over - 0 runs, 1 hit, 0 errors, 1 left on base; Oakland 0 - Toronto 2 |
BOTTOM OF THE 7TH |
Toronto Blue Jays batting - Pitching for Oakland Athletics : RHP Doug Bird
|
Batting: RHB Andres Galarraga
|
0-0: Foul Ball, location: 2F 0-1: Swinging Strike 0-2: Ball 1-2: Ball 2-2: Foul Ball, location: 2F 2-2: Foul Ball, location: 2F 2-2: Ball 3-2: Ground out 6-3 (Groundball, 56, EV 85.6 MPH)
|
Batting: RHB Juan Monasterio
|
0-0: Foul Ball, location: 2F 0-1: Ball 1-1: Fly out, F9 (Flyball, 9D, EV 93.1 MPH)
|
Batting: LHB Steve Stroughter
|
0-0: Ground out 5-3 (Groundball, 56S, EV 88.8 MPH)
|
Bottom of the 7th over - 0 runs, 0 hits, 0 errors, 0 left on base; Oakland 0 - Toronto 2 |
TOP OF THE 8TH |
Oakland Athletics batting - Pitching for Toronto Blue Jays : LHP Thomas Boyd
|
Batting: RHB Dave Henderson
|
0-0: Called Strike 0-1: Ball 1-1: Ball 2-1: Called Strike 2-2: Fly out, F8 (Flyball, 8LD, EV 88.8 MPH)
|
Batting: RHB Barry Foote
|
0-0: Ball 1-0: Called Strike 1-1: Foul Ball, location: 2F 1-2: Ball 2-2: Foul Ball, location: 2F 2-2: Strikes out swinging
|
Batting: RHB Scott Fletcher
|
0-0: Ball 1-0: Called Strike 1-1: Ball 2-1: SINGLE (Flyball, 9S, EV 93.8 MPH)
|
Batting: RHB Willie Randolph
|
0-0: Ground out 2-3 (Groundball, 2L, EV 70.6 MPH)
|
Top of the 8th over - 0 runs, 1 hit, 0 errors, 1 left on base; Oakland 0 - Toronto 2 |
BOTTOM OF THE 8TH |
Toronto Blue Jays batting - Pitching for Oakland Athletics : RHP Doug Bird
|
Batting: RHB Cal Ripken
|
0-0: Ball 1-0: Called Strike 1-1: Called Strike 1-2: Strikes out swinging
|
Batting: LHB Carlos May
|
0-0: Called Strike 0-1: Fly out, F7 (Flyball, 7D, EV 95.0 MPH)
|
Batting: RHB Jim G Wilson
|
0-0: Ball 1-0: Ball 2-0: Foul Ball, location: 2F 2-1: Ball 3-1: Swinging Strike 3-2: Strikes out swinging
|
Bottom of the 8th over - 0 runs, 0 hits, 0 errors, 0 left on base; Oakland 0 - Toronto 2 |
TOP OF THE 9TH |
Oakland Athletics batting - Pitching for Toronto Blue Jays : LHP Thomas Boyd
|
Now at 1B: Chris Speier
|
|
Now at 2B: Jose Carrillo
|
|
Now in RF: Ron Roenicke
|
|
Batting: RHB Toby Harrah
|
0-0: Called Strike 0-1: Ball 1-1: Ball 2-1: Foul Ball, location: 2F 2-2: SINGLE (Line Drive, 6D, EV 101.9 MPH)
|
Batting: LHB Ruppert Jones
|
0-0: Swinging Strike 0-1: Ball 1-1: Called Strike 1-2: Ball 2-2: Ball 3-2: SINGLE (Groundball, 6MD, EV 103.1 MPH) Toby Harrah to second
|
Batting: RHB George Hendrick
|
0-0: Ball 1-0: Fly out, F9 (Flyball, 89D, EV 91.9 MPH) Runner from 2nd tags up, SAFE at 3rd, no throw by RF
|
Pinch Hitting: RHB Earl C Williams
|
0-0: Ball Wild Pitch! Toby Harrah scores Ruppert Jones to second 1-0: Ball 2-0: Swinging Strike 2-1: Ball 3-1: Base on Balls
|
Batting: LHB Reggie Jackson
|
0-0: Ball 1-0: Sac Bunt to 15 - play at first, batter OUT! 1-3 Ruppert Jones to third Earl C Williams to second
|
Batting: RHB Dave Henderson
|
0-0: Intentional Walk
|
Pitching: RHP Juan Gutierrez
|
|
Pinch Hitting: SHB Chico Walker
|
0-0: Ball 1-0: Foul Ball, location: 2F 1-1: Ball 2-1: Foul Ball, location: 2F 2-2: Foul Ball, location: 2F 2-2: Foul Ball, location: 2F 2-2: Strikes out swinging
|
Top of the 9th over - 1 run, 2 hits, 0 errors, 3 left on base; Oakland 1 - Toronto 2 |
|